 Dungeon Crawl Stone Soup version 0.25.0-9-g26727b657a (webtiles) character file.

Game seed: 13028911211673042532

290604 Jindul the Peltast (level 20, -1/108 HPs)
             Began as a Gargoyle Fighter on June 18, 2020.
             Was the Champion of Makhleb.
             Splashed by a deep elf sorcerer's acid (10 damage)
             ... on level 3 of the Elven Halls on June 19, 2020.
             The game lasted 03:40:57 (42071 turns).

Jindul the Peltast (Gargoyle Fighter)              Turns: 42071, Time: 03:40:57

Health: -1/108     AC: 38    Str: 34    XL:     20   Next: 75%
Magic:  0/29       EV:  8    Int: 12    God:    Makhleb [******]
Gold:   1109       SH: 22    Dex: 15    Spells: 19/19 levels left

rFire    + . .     SeeInvis +   B - +2 flail "Daseh" {vamp, rElec}
rCold    + . .     Gourm    .   c - +5 kite shield
rNeg     + + +     Faith    .   C - +6 plate armour of Poedakac {rF+ rN+ Dex+2}
rPois    ∞         Spirit   +   h - +0 mask of the Dragon {MR+ Slay+3 SInv}
rElec    +         Reflect  .   Y - +1 cloak {rC+}
rCorr    .         Harm     .   k - +1 pair of gloves
MR       ++...     Clarity  +   P - +2 pair of boots
Stlth    ..........             O - amulet of guardian spirit
HPRegen  0.28/turn              q - ring "Pocra" {rElec rN+ Str+6}
MPRegen  0.21/turn              S - +6 ring of strength

@: corroded, studying Invocations
A: big wings, [blurry vision 1], clarity, frail 1[+1], low mp 1, negative energy
resistance 1, electricity resistance, unbreathing, petrification resistance, rot
immunity, AC +15
}: 2/15 runes: decaying, gossamer
a: Fly, Minor Destruction, Lesser Servant of Makhleb, Major Destruction, Greater
Servant of Makhleb, Renounce Religion


You were on level 3 of the Elven Halls.
You worshipped Makhleb.
Makhleb was exalted by your worship.
You were not hungry.

You visited 7 branches of the dungeon, and saw 34 of its levels.
You visited the Abyss 1 time.
You visited 1 bazaar.
You also visited: Ossuary and Ice Cave.

You collected 3356 gold pieces.
You spent 2247 gold pieces at shops.

Inventory:

Hand Weapons
 B - the +2 flail "Daseh" (weapon) {vamp, rElec}
   (You found it on level 1 of the Lair of Beasts)

   It inflicts no extra harm, but heals its wielder when it wounds a living foe.
   It insulates you from electricity.
 X - the +8 mithril axe "Arga" {speed, MR+}
   (You found it in an ice cave)

   Attacks with this weapon are significantly faster.
   It affects your resistance to hostile enchantments.
Armour
 c - a +5 kite shield (worn)
 h - the +0 mask of the Dragon (worn) {MR+ Slay+3 SInv}
   (You found it in an ice cave)

   It affects your accuracy and damage with ranged weapons and melee attacks
   (+3).
   It affects your resistance to hostile enchantments.
   It lets you see invisible.
 k - a +1 pair of gloves (worn)
 C - the +6 plate armour of Poedakac (worn) {rF+ rN+ Dex+2}
   (You bought it in a shop on level 5 of the Dungeon)

   It affects your dexterity (+2).
   It protects you from fire.
   It protects you from negative energy.
 P - a +2 pair of boots (worn)
 Y - a +1 cloak of cold resistance (worn)
Jewellery
 q - the ring "Pocra" (left hand) {rElec rN+ Str+6}
   (You found it on level 5 of the Lair of Beasts)

   [ring of strength]

   It affects your strength (+6).
   It insulates you from electricity.
   It protects you from negative energy.
 r - an uncursed ring of protection from magic
 s - an uncursed ring of positive energy
 y - an uncursed ring of protection from fire
 O - an amulet of guardian spirit (around neck)
 S - a +6 ring of strength (right hand)
 U - a +6 ring of dexterity
Wands
 b - a wand of flame (80)
 o - a wand of digging (12)
 w - a wand of clouds (9)
 E - a wand of iceblast (23)
 Z - a wand of paralysis (4)
Scrolls
 a - 6 scrolls of fear
 e - 7 scrolls of teleportation
 l - 2 scrolls of holy word
 m - 20 scrolls of remove curse
 p - 2 scrolls of blinking
 t - 7 scrolls of identify
 D - 4 scrolls of magic mapping
 F - a scroll of silence
 L - 4 scrolls of enchant weapon
 M - 3 scrolls of fog
 N - a scroll of brand weapon
Potions
 d - 4 potions of might
 g - a potion of invisibility
 n - 18 potions of curing
 u - a potion of heal wounds
 v - 5 potions of ambrosia
 x - a potion of stabbing
 z - 6 potions of haste
 A - 3 potions of magic
 R - a potion of berserk rage
Books
 i - a manual of Invocations
Miscellaneous
 j - a lightning rod (4/4)
Comestibles
 f - 64 rations
 G - 2 chunks of flesh


   Skills:
 * Level 18.0 Fighting
 + Level 16.5 Maces & Flails
 + Level 13.6 Armour
 * Level 19.9 Shields
 - Level 18.3 Invocations


You had 19 spell levels left.
You didn't know any spells.
Your spell library contained the following spells:

 Spells                   Type           Power        Failure   Level  Hunger
 Animate Skeleton         Necr           N/A          85%         1    ##.....
 Apportation              Tloc           #.....       85%         1    ##.....
 Corona                   Hex            #......      85%         1    ##.....
 Magic Dart               Conj           #...         85%         1    ##.....
 Sandblast                Erth           #.....       85%         1    ##.....
 Summon Small Mammal      Summ           #...         85%         1    ##.....
 Blink                    Tloc           N/A          94%         2    ###....
 Call Imp                 Summ           #.......     94%         2    ###....
 Corpse Rot               Necr/Air       N/A          94%         2    ###....
 Ensorcelled Hibernation  Hex/Ice        #.....       94%         2    ###....
 Passwall                 Tmut/Erth      #.......     94%         2    ###....
 Slow                     Hex            #.......     94%         2    ###....
 Call Canine Familiar     Summ           #.......     99%         3    ####...
 Confusing Touch          Hex            #.......     99%         3    ####...
 Conjure Flame            Conj/Fire      #.......     99%         3    ####...
 Dazzling Flash           Conj/Hex       #.....       99%         3    ####...
 Mephitic Cloud           Conj/Pois/Air  #.......     99%         3    ####...
 Recall                   Summ/Tloc      N/A          99%         3    ####...
 Stone Arrow              Conj/Erth      #.....       99%         3    ####...
 Summon Guardian Golem    Hex/Summ       #.......     99%         3    ####...
 Tukima's Dance           Hex            #.......     99%         3    ####...
 Animate Dead             Necr           N/A          100%        4    #####..
 Petrify                  Tmut/Erth      #.......     100%        4    #####..
 Summon Ice Beast         Ice/Summ       #.......     100%        4    #####..
 Summon Lightning Spire   Summ/Air       #.......     100%        4    #####..
 Borgnjor's Vile Clutch   Necr/Erth      #.........   100%        5    ######.
 Lee's Rapid Deconstruct  Erth           #.........   100%        5    ######.
 Silence                  Hex/Air        #.........   100%        5    ######.
 Summon Forest            Summ/Tloc      #.........   100%        5    ######.
 Conjure Ball Lightning   Conj/Air       #.........   100%        6    #######
 Death Channel            Necr           #.........   100%        6    #######
 Eringya's Noxious Bog    Tmut/Pois      #.........   100%        6    #######
 Hydra Form               Tmut           #.........   100%        6    #######
 Simulacrum               Ice/Necr       #.........   100%        6    #######
 Summon Hydra             Summ           #.........   100%        7    #######
 Tornado                  Air            #.........   100%        9    #######


Dungeon Overview and Level Annotations

Branches:
Dungeon (14/15)            Temple (1/1) D:6            Lair (6/6) D:8
  Swamp (4/4) Lair:2       Spider (4/4) Lair:4        Slime (0/5) Lair:6
    Orc (2/2) D:9             Elf (3/3) Orc:2        Vaults (0/5) D:13
Ossuary (visited)           IceCv (visited)

Altars:
Ashenzari
Cheibriados
Dithmenos
Elyvilon
Fedhas
Gozag
Hepliaklqana
Kikubaaqudgha
Makhleb
Nemelex Xobeh
Okawaru
Qazlal
Ru
Sif Muna
Trog
Uskayaw
Vehumet
Wu Jian
Xom
Yredelemnul
Zin
The Shining One
Beogh

Shops:
D:4 :   D:5 [   D:6 [   D:8 [   D:11 ::*   Orc:2 [?[[   Elf:1 [

Annotations:
D:12 exclusion: ice statue
Lair:3 exclusion: 2 oklob plants
Spider:3 exclusion: downstairs
Orc:1 exclusion: oklob plant


Innate Abilities, Weirdness & Mutations

You are resistant to torment.
Your stone body is resilient. (AC +15)
You are immune to poison.
Your large and strong wings let you fly indefinitely.
You resist negative energy. (rN+)
You are resistant to electric shocks. (rElec)
You can survive without breathing.
You are immune to petrification.
You are immune to rotting.
You possess an exceptional clarity of mind.
Your magical capacity is low. (-10% MP)
[Scrolls take you a little longer to read.]
[You are very frail. (-20% HP)]


Message History

You bludgeon the deep elf annihilator!!
The deep elf annihilator is almost dead.
The four-headed hydra changes into a spark wasp!
The deep elf sorcerer hits you but does no damage.
You miss the deep elf annihilator.
The deep elf annihilator is almost dead.
The spark wasp changes into a wolf spider!
The deep elf annihilator casts a spell at you.
You block the crystal spear.
The deep elf sorcerer gestures at you while chanting.
The bolt of acid hits you!!
* * * LOW HITPOINT WARNING * * *
The acid corrodes you!
You are splashed with acid!
* * * LOW HITPOINT WARNING * * *
You feel much better.
The deep elf sorcerer gestures at you while chanting.
The bolt of acid hits you!!
* * * LOW HITPOINT WARNING * * *
The acid corrodes you!
You are splashed with acid!
You die...

....## ###'### #+ ..# .e...
...#'###.....##.# ###### #.....
...##'#.......'# ###...#####..
######.........#####.......####
##...........##...........#
#........([...#X..........#
#.............#X4=........#
#[...........eee3.........#
#...........s@#.e?........#
#.............#e2.........#
##...........##e..........#
####.)........#####.......###
#...)#.......## ###.......#
#..).##.....## ####.)..###
##....######## #).))..# ##.####
##([)..°# #'## #..°.°..#


You could see a hell beast (summoned), a deep elf annihilator, a deep elf
sorcerer (fast), a wolf spider shaped shifter, a deep elf demonologist, a deep
elf high priest, 2 large abominations, a rust devil (summoned), a deep elf mage
and a smoke demon (summoned).

Vanquished Creatures
  Bai Suzhen (Swamp:4)
  the Lernaean hydra (Swamp:4)
  A profane servitor (Abyss:5)
  Nikola (Spider:1)
  Arachne (Spider:4)
  Asterion (Spider:4)
  An Ice Fiend (IceCv)
  A deep elf master archer (Elf:3)
  6 tentacled starspawn (Abyss:5)
  Agnes (Lair:4)
  Kirke (Lair:4)
  A thorn hunter (Swamp:1)
  Donald (Swamp:2)
  Roxanne (Spider:2)
  4 deep elf sorcerers
  The ghost of Foxy the Peltast, an adept GrFi of the Shining One (Swamp:3)
  2 ghost moths
  6 emperor scorpions (Spider:4)
  3 deep elf elementalists
  Aizul (Swamp:1)
  Louise (Spider:3)
  2 entropy weavers
  Azrael (Orc:2)
  The ghost of duje the Impaler, a journeyman MfGl of Nemelex Xobeh (Swamp:2)
  A green draconian (Abyss:3)
  3 deep elf demonologists
  2 deep elf annihilators (Elf:3)
  A lorocyproca (Abyss:4)
  A spark wasp (Spider:3)
  Snorg (Lair:5)
  3 deep elf death magi (Elf:3)
  An ice dragon (Spider:3)
  2 deep elf high priests
  A great orb of eyes (Abyss:5)
  2 vault guards (D:13)
  A catoblepas (D:14)
  16 hydras
  A ghost crab (Swamp:2)
  Harold (Lair:1)
  28 dancing weapons
  3 centaur warriors
  14 alligators
  A shambling mangrove (Swamp:2)
  2 two-headed ogres
  4 death yaks (Lair:4)
  15 large abominations
  2 hell hogs (Abyss:5)
  5 orc high priests
  19 deep elf knights
  9 thrashing horrors
  A wretched star (Abyss:5)
  A storm dragon skeleton (Abyss:5)
  A shadow wraith (Abyss:5)
  3 spatial maelstroms (Abyss:5)
  A sixfirhy (Abyss:5)
  A shadow demon (Abyss:3)
  A glowing orange brain (Abyss:5)
  A glowing orange brain (shapeshifter) (Abyss:3)
  An unseen horror (D:12)
  A spriggan druid (Swamp:3)
  4 orc knights (Orc:2)
  10 deep elf archers
  6 swamp dragons
  18 orb spiders
  A wolf spider zombie (D:14)
  An orb spider (shapeshifter) (Elf:1)
  A stone giant zombie (Abyss:3)
  55 deep elf magi
  A salamander (shapeshifter) (Elf:2)
  4 cyclopes
  5 orc sorcerers
  12 ugly things
  2 worldbinders
  19 wolf spiders
  2 manticores
  A moth of wrath (shapeshifter) (Abyss:5)
  An elephant (shapeshifter) (Abyss:3)
  13 elephants
  A rust devil (Abyss:3)
  2 guardian serpents
  10 black mambas
  Maurice (D:10)
  2 smoke demons
  2 gargoyles (D:14)
  19 spiny frogs
  2 torpor snails
  Psyche (D:8)
  10 demonic crawlers
  6 freezing wraiths
  10 rime drakes
  2 efreet
  5 anaconda simulacra (IceCv)
  4 ancient zymes
  A hellwing (Abyss:5)
  8 komodo dragons
  2 queen bees
  8 small abominations
  5 ice devils (IceCv)
  9 trolls
  3 polar bears (D:12)
  7 tyrant leeches
  31 jumping spiders
  11 bog bodies
  19 hornets
  A hornet (shapeshifter) (Elf:3)
  10 slime creatures
  9 raiju
  7 dream sheep (Lair:5)
  15 hippogriffs
  24 blink frogs
  79 redbacks
  4 air elementals
  11 spriggans
  A dire elephant simulacrum (IceCv)
  A redback (shapeshifter) (Elf:3)
  21 yaks
  A shadow (Abyss:5)
  3 vampires
  18 tarantellas
  16 wyverns
  3 water elementals
  3 ynoxinuls (Abyss:5)
  11 basilisks
  6 fire elementals
  A death yak simulacrum (IceCv)
  8 chaos spawn
  9 hogs
  A human (D:6)
  11 vampire mosquitoes
  A neqoxec (Abyss:4)
  5 hungry ghosts
  An iron troll simulacrum (IceCv)
  2 harpy simulacra (IceCv)
  13 swamp worms
  7 wargs
  9 insubstantial wisps
  7 hell hounds
  3 hydra simulacra (IceCv)
  20 water moccasins
  7 swamp drakes
  4 porcupines
  23 orc warriors
  3 black bears
  6 ice beasts
  2 sky beasts
  3 phantoms
  8 wolves
  An ettin simulacrum (IceCv)
  9 necrophages
  An eye of draining (Abyss:3)
  14 ogres
  9 centaurs
  16 crocodiles
  10 bullfrogs
  2 earth elementals (Elf:1)
  4 elf zombies (Ossuary)
  A gnoll sergeant (Orc:2)
  4 scorpions
  59 killer bees
  8 wights
  5 howler monkeys
  9 electric eels
  5 crimson imps
  5 centaur zombies
  14 starcursed masses
  2 bullfrog skeletons
  A bullfrog zombie (D:7)
  9 hounds
  2 jellies
  6 centaur skeletons
  16 orc priests
  21 orc wizards
  2 iron imps (Abyss:4)
  5 iguanas
  A spriggan simulacrum (IceCv)
  7 troll simulacra (IceCv)
  2 hell rats (Lair:6)
  11 worker ants
  2 polar bear simulacra (IceCv)
  A wolf simulacrum (IceCv)
  A big kobold zombie (Ossuary)
  A centaur simulacrum (IceCv)
  A hound zombie (D:7)
  2 hound skeletons
  2 mummies (Ossuary)
  6 gnolls
  16 adders
  3 naga simulacra (IceCv)
  11 river rats
  An ogre simulacrum (IceCv)
  4 shadow imps
  8 white imps
  A howler monkey simulacrum (D:10)
  4 ufetubi (IceCv)
  An ooze (D:2)
  An adder skeleton (D:5)
  3 adder zombies
  4 worms
  2 dart slugs
  6 leopard geckos
  121 orcs
  6 giant cockroaches
  9 hobgoblins
  4 quokkas
  2 ball pythons (D:2)
  11 bats
  6 frilled lizards
  12 goblins
  A goblin zombie (Ossuary)
  6 hobgoblin zombies (Ossuary)
  2 jackal zombies (Ossuary)
  9 kobolds
  13 kobold zombies (Ossuary)
  7 orc zombies (Ossuary)
  7 rats
  A briar patch (Swamp:1)
  3 crawling corpses
  3 fungi
  A plant (Lair:2)
  2 starspawn tentacles (Abyss:5)
1495 creatures vanquished.

Vanquished Creatures (collateral kills)
  5 deep elf sorcerers (Elf:3)
  A deep elf annihilator (Elf:3)
  2 vault guards (D:13)
  A hydra (Swamp:4)
  An unseen horror (D:13)
  2 swamp dragons (Swamp:4)
  An ugly thing (D:13)
  A cyclops (D:13)
  A centaur zombie (D:13)
  2 hornets
  2 bog bodies (Swamp:4)
  3 slime creatures
  3 yaks (D:13)
  2 vampire mosquitoes (Swamp:4)
  3 swamp drakes (Swamp:4)
  A bullfrog (D:13)
  A scorpion (D:13)
  An orc wizard (D:13)
  A hound (D:13)
  A jelly (D:13)
  2 orcs (D:13)
37 creatures vanquished.

Vanquished Creatures (others)
  A ghost moth (Spider:4)
  2 dancing weapons (Elf:2)
  A deep elf knight (Elf:2)
  2 deep elf magi (Elf:2)
  A demonic crawler (Spider:3)
  2 jumping spiders (Spider:4)
  A spriggan (Swamp:4)
  A redback (Spider:3)
  A hell hound (Abyss:3)
  An orc warrior (Orc:2)
  An eye of draining (Abyss:5)
  2 orc wizards
  A briar patch (Swamp:1)
  14 fungi
  2 lurking horrors
  10 plants
  21 starspawn tentacles (Abyss:5)
64 creatures vanquished.

Grand Total: 1596 creatures vanquished

Notes
Turn   | Place    | Note
-------+----------+-------------------------------------------
     0 | D:1      | Jindul the Gargoyle Fighter began the quest for the Orb.
     0 | D:1      | Reached XP level 1. HP: 14/14 MP: 1/1
   364 | D:1      | Reached XP level 2. HP: 19/19 MP: 2/2
   798 | D:2      | Reached XP level 3. HP: 20/24 MP: 3/3
  1210 | D:2      | Reached XP level 4. HP: 25/29 MP: 4/4
  1577 | D:2      | Reached skill level 4 in Shields
  1813 | D:3      | Reached XP level 5. HP: 33/33 MP: 5/5
  2146 | D:3      | Found a faded altar of an unknown god.
  2184 | D:3      | Reached XP level 6. HP: 22/39 MP: 6/6
  2507 | D:3      | Found a sparkling altar of Nemelex Xobeh.
  3551 | D:4      | Reached skill level 5 in Armour
  3642 | D:4      | Reached skill level 5 in Fighting
  3642 | D:4      | Reached skill level 5 in Shields
  3642 | D:4      | Reached XP level 7. HP: 36/44 MP: 7/7
  3941 | D:4      | Found Bemn's Book Emporium.
  4206 | D:5      | Entered Level 5 of the Dungeon
  4395 | D:5      | Reached XP level 8. HP: 17/51 MP: 8/8
  4944 | D:5      | Reached skill level 5 in Maces & Flails
  4944 | D:5      | Reached skill level 6 in Shields
  5153 | D:5      | Found Taarugguo's Armour Emporium.
  5734 | D:6      | Found Foanivoc's Antique Armour Shoppe.
  5762 | D:6      | Found a shimmering altar of Xom.
  5769 | D:6      | Found a stormy altar of Qazlal.
  5770 | D:6      | Found a hazy altar of Hepliaklqana.
  5770 | D:6      | Found a burning altar of Makhleb.
  5850 | D:6      | Found a sand-covered staircase.
  5856 | Ossuary  | Entered an ossuary
  6105 | Ossuary  | Reached XP level 9. HP: 56/56 MP: 9/9
  6454 | D:6      | Found a staircase to the Ecumenical Temple.
  6468 | D:6      | Reached skill level 7 in Shields
  6937 | D:6      | Became a worshipper of Makhleb the Destroyer
  7122 | D:7      | Reached skill level 1 in Invocations
  7567 | D:6      | Reached skill level 8 in Shields
  7567 | D:6      | Reached XP level 10. HP: 64/64 MP: 12/12
  7788 | D:8      | Reached * piety under Makhleb
  8095 | D:8      | Found Kas Sive's Antique Armour Shop.
  8191 | D:8      | Noticed Psyche
  8206 | D:8      | Killed Psyche
  8299 | D:8      | Found a snail-covered altar of Cheibriados.
  8312 | D:8      | Found a staircase to the Lair.
  8346 | D:8      | Noticed a two-headed ogre
  8362 | D:8      | Killed a two-headed ogre
  8867 | D:9      | Reached skill level 9 in Shields
  8867 | D:9      | Reached skill level 5 in Invocations
  8875 | D:9      | Reached ** piety under Makhleb
  9239 | D:9      | Found a roughly hewn altar of Beogh.
  9239 | D:9      | Found a staircase to the Orcish Mines.
  9290 | D:9      | Reached XP level 11. HP: 42/71 MP: 15/15
 10120 | D:10     | Entered Level 10 of the Dungeon
 10184 | D:10     | Got a masterwork ring mail
 10195 | D:10     | Identified the cursed +0 ring mail of Gekadut {*Slow rF+
                  | Regen+ Dex+2} (You found it on level 10 of the Dungeon)
 10336 | D:10     | Reached *** piety under Makhleb
 10655 | D:10     | Noticed Maurice
 10664 | D:10     | Killed Maurice
 10799 | D:11     | Found Pisuo's Book Shop.
 10871 | D:11     | Reached skill level 10 in Shields
 10895 | D:11     | Noticed a seven-headed hydra
 10969 | Lair:1   | Entered Level 1 of the Lair of Beasts
 10969 | Lair:1   | Noticed an eight-headed hydra
 11053 | D:11     | Found Vuun's Assorted Antiques.
 11057 | D:11     | Bought a pink potion for 19 gold pieces
 11231 | D:11     | Noticed a cyclops
 11252 | D:11     | Killed a cyclops
 11427 | D:11     | Killed a seven-headed hydra
 11608 | D:11     | Found Vamues's Book Boutique.
 11753 | Lair:1   | Killed an eight-headed hydra
 12075 | Lair:1   | Noticed Harold
 12099 | Lair:1   | Killed Harold
 12099 | Lair:1   | Reached skill level 10 in Maces & Flails
 12099 | Lair:1   | Reached skill level 11 in Shields
 12099 | Lair:1   | Reached XP level 12. HP: 76/76 MP: 18/18
 12456 | Lair:1   | Got a twisted flail
 12457 | Lair:1   | Identified the +2 flail "Daseh" {vamp, rElec} (You found it
                  | on level 1 of the Lair of Beasts)
 12844 | Lair:2   | Reached **** piety under Makhleb
 12867 | Lair:2   | Found a staircase to the Swamp.
 13320 | Lair:2   | Reached skill level 12 in Shields
 13424 | Lair:2   | Reached skill level 10 in Invocations
 14452 | Lair:3   | Reached XP level 13. HP: 80/80 MP: 20/20
 15298 | Lair:3   | Reached ***** piety under Makhleb
 15697 | Temple   | Entered the Ecumenical Temple
 16198 | D:12     | Reached skill level 13 in Shields
 17202 | D:13     | Noticed a vault guard
 17207 | D:13     | Noticed a vault guard
 17235 | D:13     | Noticed a vault guard
 17246 | D:13     | Noticed a vault guard
 17251 | D:13     | Killed a vault guard
 17275 | D:13     | Killed a vault guard
 17517 | D:13     | Killed a vault guard
 17536 | D:13     | Killed a vault guard
 17582 | D:14     | Gained mutation: Your large and strong wings let you fly
                  | indefinitely. [Gargoyle growth]
 17582 | D:14     | Reached XP level 14. HP: 86/86 MP: 23/23
 17606 | D:14     | Reached skill level 14 in Shields
 18060 | D:13     | Found a gate to the Vaults.
 18193 | D:13     | Found a flickering gateway to a bazaar.
 18198 | Bazaar   | Entered a bazaar
 18206 | Bazaar   | Found Cemiyf's Book Shop.
 18206 | Bazaar   | Found Wakuotho's Jewellery Boutique.
 18234 | Bazaar   | Bought an uncursed amulet of guardian spirit for 360 gold
                  | pieces
 19498 | D:14     | Found a white marble altar of Elyvilon.
 19961 | Lair:4   | Reached ****** piety under Makhleb
 19987 | Lair:4   | Reached skill level 10 in Fighting
 20101 | Lair:4   | Found a hole to the Spider Nest.
 20822 | Lair:4   | Reached XP level 15. HP: 93/93 MP: 23/25
 21158 | Lair:5   | Reached skill level 15 in Shields
 21332 | Lair:5   | Got a transparent brass ring
 21334 | Lair:5   | Identified the ring "Pocra" {rElec rN+ Str+6} (You found it
                  | on level 5 of the Lair of Beasts)
 21425 | Lair:5   | Noticed Snorg
 21448 | Lair:5   | Killed Snorg
 22246 | Lair:6   | Entered Level 6 of the Lair of Beasts
 22429 | Orc:1    | Entered Level 1 of the Orcish Mines
 23178 | D:5      | Bought the +6 plate armour of Poedakac {rF+ rN+ Dex+2} for
                  | 980 gold pieces
 24347 | Lair:6   | Found a staircase to the Slime Pits.
 24808 | Lair:6   | Reached skill level 15 in Invocations
 25134 | Spider:1 | Entered Level 1 of the Spider Nest
 25220 | Spider:1 | Noticed Agnes
 25266 | Lair:4   | Killed Agnes
 25304 | Spider:1 | Noticed Kirke
 25328 | Spider:1 | Noticed a sphinx
 25942 | Lair:4   | Killed Kirke
 26150 | Spider:1 | Reached XP level 16. HP: 101/101 MP: 23/28
 26345 | Spider:1 | Noticed Nikola
 26379 | Spider:1 | Killed Nikola
 27231 | Spider:2 | Identified Roxanne's Reference Book on Clay
 27231 | Spider:2 | Noticed Roxanne
 27466 | Spider:2 | Killed Roxanne
 27707 | Spider:3 | Found a frozen archway.
 27716 | IceCv    | Entered an ice cave
 28397 | IceCv    | Noticed an Ice Fiend
 28485 | IceCv    | Killed an Ice Fiend
 28717 | IceCv    | Found the +0 mask of the Dragon {MR+ Slay+3 SInv}
 28718 | IceCv    | Found the +8 mithril axe "Arga" {speed, MR+}
 29110 | Spider:3 | Noticed Louise
 29123 | Spider:3 | Killed Louise
 29387 | Spider:4 | Entered Level 4 of the Spider Nest
 29620 | Spider:4 | Noticed Asterion
 29621 | Spider:4 | Noticed Arachne
 29819 | Swamp:1  | Entered Level 1 of the Swamp
 29861 | Swamp:1  | Reached skill level 10 in Armour
 30034 | Swamp:1  | Reached skill level 16 in Shields
 30319 | Swamp:1  | Reached XP level 17. HP: 109/109 MP: 26/29
 30742 | Swamp:1  | Noticed Aizul
 30767 | Swamp:1  | Killed Aizul
 31161 | Swamp:2  | Noticed Donald
 31189 | Swamp:2  | Killed Donald
 31647 | Swamp:2  | Found a runed translucent door.
 31647 | Swamp:2  | Found a shimmering altar of Xom.
 31647 | Swamp:2  | Noticed duje's ghost (journeyman MfGl)
 31647 | Swamp:2  | Identified the +4 rapier of Nomnaota {chaos, Int+4}
 32081 | Swamp:2  | Killed duje's ghost
 32228 | Swamp:3  | Found a runed translucent door.
 32230 | Swamp:3  | Noticed Foxy's ghost (adept GrFi)
 32284 | Swamp:3  | Killed Foxy's ghost
 32384 | Swamp:3  | Gained mutation: You are clumsy. (Dex -2) [potion of
                  | mutation]
 32384 | Swamp:3  | Gained mutation: You are partially covered in thin metallic
                  | scales. (AC +2) [potion of mutation]
 32384 | Swamp:3  | Gained mutation: You occasionally shout uncontrollably at
                  | your foes. [potion of mutation]
 32384 | Swamp:3  | Gained mutation: Your spells are a little harder to cast,
                  | but a little more powerful. [potion of mutation]
 32385 | Swamp:3  | Lost mutation: You are clumsy. (Dex -2) [potion of
                  | mutation]
 32385 | Swamp:3  | Lost mutation: Your spells are a little harder to cast, but
                  | a little more powerful. [potion of mutation]
 32385 | Swamp:3  | Gained mutation: You do not regenerate when monsters are
                  | visible. [potion of mutation]
 32385 | Swamp:3  | Gained mutation: You have a pair of small horns on your
                  | head. [potion of mutation]
 32387 | Swamp:3  | Lost mutation: You have a pair of small horns on your head.
                  | [potion of mutation]
 32387 | Swamp:3  | Lost mutation: You are partially covered in thin metallic
                  | scales. (AC +2) [potion of mutation]
 32387 | Swamp:3  | Lost mutation: You occasionally shout uncontrollably at
                  | your foes. [potion of mutation]
 32387 | Swamp:3  | Gained mutation: [You are frail. (-10% HP)] [potion of
                  | mutation]
 32387 | Swamp:3  | Gained mutation: Your flesh is heat resistant. (rF+)
                  | [potion of mutation]
 32388 | Swamp:3  | Lost mutation: [You are frail. (-10% HP)] [potion of
                  | mutation]
 32388 | Swamp:3  | Lost mutation: You do not regenerate when monsters are
                  | visible. [potion of mutation]
 32388 | Swamp:3  | Gained mutation: You occasionally shout uncontrollably at
                  | your foes. [potion of mutation]
 32388 | Swamp:3  | Gained mutation: You have large cloven feet. [potion of
                  | mutation]
 32388 | Swamp:3  | Lost mutation: You occasionally shout uncontrollably at
                  | your foes. [potion of mutation]
 32388 | Swamp:3  | Gained mutation: Your muscles are strong. (Str +2) [potion
                  | of mutation]
 32389 | Swamp:3  | Lost mutation: Your muscles are strong. (Str +2) [potion of
                  | mutation]
 32389 | Swamp:3  | Lost mutation: Your flesh is heat resistant. (rF+) [potion
                  | of mutation]
 32389 | Swamp:3  | Lost mutation: You have large cloven feet. [potion of
                  | mutation]
 32389 | Swamp:3  | Gained mutation: [You are frail. (-10% HP)] [potion of
                  | mutation]
 32389 | Swamp:3  | Gained mutation: You possess an exceptional clarity of
                  | mind. [potion of mutation]
 32403 | Swamp:3  | Identified a scroll of acquirement
 32826 | Swamp:4  | Entered Level 4 of the Swamp
 33113 | Swamp:4  | Noticed the 27-headed Lernaean hydra
 33120 | Swamp:4  | Killed the 27-headed Lernaean hydra
 33130 | Swamp:4  | Got a decaying rune of Zot
 33372 | Swamp:3  | Reached skill level 17 in Shields
 33581 | Swamp:4  | Noticed Bai Suzhen
 33637 | Swamp:4  | Killed Bai Suzhen
 33637 | Swamp:4  | Reached skill level 15 in Maces & Flails
 33637 | Swamp:4  | Reached XP level 18. HP: 105/105 MP: 14/30
 34403 | Spider:4 | Killed Arachne
 34735 | Spider:4 | Reached skill level 15 in Fighting
 35221 | Spider:4 | Got a gossamer rune of Zot
 35610 | Spider:4 | Killed Asterion
 36127 | Orc:2    | Entered Level 2 of the Orcish Mines
 36197 | Orc:2    | Noticed Azrael
 36291 | Orc:2    | Killed Azrael
 36603 | Orc:2    | Found a staircase to the Elven Halls.
 36773 | Orc:2    | Found Vukkac's Armour Emporium.
 36773 | Orc:2    | Found Vanajir's Armour Boutique.
 36775 | Orc:2    | Found Anurgh's Magic Scroll Boutique.
 36775 | Orc:2    | Found Waluk's Antique Armour Emporium.
 36783 | Orc:2    | Bought a scroll of teleportation for 42 gold pieces
 36783 | Orc:2    | Bought a scroll of enchant armour for 105 gold pieces
 36783 | Orc:2    | Bought a scroll of blinking for 105 gold pieces
 36783 | Orc:2    | Bought a scroll of teleportation for 42 gold pieces
 36784 | Orc:2    | Bought a masterwork ring mail for 324 gold pieces
 36784 | Orc:2    | Bought a pair of embroidered boots for 270 gold pieces
 36795 | Orc:2    | Identified the cursed +1 ring mail "Neeng" {Int+2} (You
                  | bought it in a shop on level 2 of the Orcish Mines)
 37131 | Orc:2    | Reached skill level 18 in Shields
 37297 | Elf:1    | Entered Level 1 of the Elven Halls
 37634 | Elf:1    | Reached XP level 19. HP: 112/112 MP: 20/32
 37766 | Elf:1    | Found Qehot's Armour Boutique.
 39288 | Elf:2    | Found a runed translucent gate.
 39288 | Elf:2    | Found a runed translucent gate.
 39290 | Elf:2    | Found a runed translucent gate.
 39915 | Elf:3    | Entered Level 3 of the Elven Halls
 39947 | Elf:3    | Reached skill level 19 in Shields
 40387 | Elf:3    | Found an ancient bone altar of Kikubaaqudgha.
 40458 | Elf:3    | Reached XP level 20. HP: 120/120 MP: 33/33
 40594 | Elf:3    | Noticed a Brimstone Fiend
 40625 | Elf:3    | Cast into level 3 of the Abyss (a deep elf sorcerer)
 41192 | Abyss:4  | Noticed a hellephant
 41262 | Abyss:4  | Gained mutation: Your magical capacity is low. (-10% MP) [a
                  | neqoxec]
 41400 | Abyss:4  | Noticed a hellephant
 41444 | Abyss:4  | Found a corrupted altar of Lugonu.
 41449 | Abyss:5  | Entered Level 5 of the Abyss
 41551 | Abyss:5  | Found a corrupted altar of Lugonu.
 41790 | Abyss:5  | Noticed a profane servitor
 41836 | Abyss:5  | Killed a profane servitor
 41881 | Abyss:5  | Paralysed by accursed screaming for 1 turns
 41997 | Elf:3    | Escaped the Abyss
 42018 | Elf:3    | Identified the ring "Abra" {Str+2 Stlth+}
 42022 | Elf:3    | Noticed a golden dragon
 42022 | Elf:3    | an iron dragon changed into a golden dragon
 42024 | Elf:3    | a golden dragon changed into an azure jelly
 42071 | Elf:3    | Splashed by a deep elf sorcerer's acid

Illustrated notes

Levels and vault maps discovered:
D:1:      psy_arrival_conway, layout_basic, roderic_lattice_a
D:2:      minmay_evil_eye, layout_rooms
D:3:      layout_loops_corners, nemelex_xobeh_ov_fountains_minmay, first_ration,
          chequers_ecumenical_altar_twisty, kennysheep_generic_room_12
D:4:      layout_loops_cross, serial_shops, shop, grunt_ministairs_15
D:5:      layout_loops_corners, serial_shops, shop
D:6:      layout_loops_cross, minitemple, minmay_temple_entry_glassed_door,
          nicolae_ossuary_entry_monument, serial_shops, shop_fountains
D:7:      layout_rooms, interstate_on_off, grunt_livestock
D:8:      layout_basic, kennysheep_mini_moat, dpeg_oklobed_lair, serial_shops,
          shop, uniq_psyche
D:9:      hangedman_cross_stitches, layout_loops_corners, david_orc_5
D:10:     layout_roguey, minmay_chambers_of_fives, uniq_maurice
D:11:     layout_loops_cross, serial_shops, shop_statue, nicolae_shop_crystal,
          shop
D:12:     layout_roguey, ice2_lemuel
D:13:     layout_rooms, lightli_vaults_fourway_checkpoint, serial_shops,
          bzr_entry_road, minmay_misc_feat_rows,
          hangedman_abyss_or_decor_stagger
D:14:     layout_irregular_city, elyvilon_altar_3
Temple:   eino_temple_scatter_basement
Lair:1:   layout_gridlike, wad_woods_road_05, lemuel_fruit_tree,
          lemuel_fruit_fields, uniq_harold
Lair:2:   regret_index_tunnel_blossom, layout_gridlike, swamp_mist_pool,
          serial_bayou_shore_a
Lair:3:   layout_long_grid, nicolae_quartered_pool_little,
          minmay_lair_oklob_chamber, grunt_megastairs_3
Lair:4:   layout_roguey [special_room_mythical_zoo],
          nicolae_spider_entry_tight_spaces, roderic_carrion_pond,
          serial_bayou_shore_b, grunt_megastairs_2
Lair:5:   layout_cave_pods, uniq_snorg
Lair:6:   hangedman_lair_tendril_chambers, layout_layer_cave, slime_dummy,
          kennysheep_abandoned_house, infiniplex_staircase_pool
Swamp:1:  layout_falls_marsh, nicolae_swamp_fairy_circle, uniq_aizul
Swamp:2:  layout_basic_swamp, ebering_ghost_xom, hangedman_swamp_blocks,
          uniq_donald
Swamp:3:  layout_basic_swamp, gammafunk_ghost_grave, evilmike_swamp_ruin_house_5
Swamp:4:  grunt_swamp_rune_castle, layout_basic_swamp, swamp_pool4,
          grunt_hermit_hut, uniq_bai_suzhen
Spider:1: layout_spider_delve, uniq_nikola, uniq_kirke, uniq_agnes
Spider:2: layout_spider_delve, uniq_roxanne
Spider:3: layout_spider_delve, portal_ice_cave_entry_dragon, uniq_louise
Spider:4: grunt_spider_rune_circles, uniq_asterion, uniq_arachne
Orc:1:    cheibrodos_orc_guarddog, layout_caves, basic_altar, special_room
          [special_room_bee], mines3_lemuel, uniq_urug
Orc:2:    grunt_orc_tribal_feast, layout_diamond_mine, uniq_azrael
Elf:1:    minmay_elf_arrival_summoners, layout_onion_city, serial_shops, shop,
          hangedman_elf_represent
Elf:2:    layout_geoelf_grid, minivault_28
Elf:3:    minmay_elf_hall_spiked, layout_geoelf_octagon, basic_altar

Skill      XL: |  1  2  3  4  5  6  7  8  9 10 11 12 13 14 15 16 17 18 19 20 |
---------------+-------------------------------------------------------------+-----
Armour         | 4 5 6 8 9 10 11 12 13 | 13.6
Fighting       | 4 5 6 8 9 10 12 13 14 15 17 18 | 18.0
Shields        | 4 5 6 8 9 11 12 13 14 15 16 17 18 19 | 19.9
Maces & Flails | 3 4 5 7 8 10 11 12 13 14 15 16 | 16.5
Invocations    | 3 5 8 10 12 13 16 17 18 | 18.3

Action                   |  1- 3 |  4- 6 |  7- 9 | 10-12 | 13-15 | 16-18 | 19-21 || total
-------------------------+-------+-------+-------+-------+-------+-------+-------++-------
Melee: Flail             |   157 |   324 |   168 |   608 |  2684 |  2959 |  1611 ||  8511
       Whip              |       |       |   451 |   809 |       |       |       ||  1260
       Unarmed           |       |       |       |       |     9 |       |       ||     9
Throw: Dart              |       |     2 |       |       |       |       |       ||     2
Invok: Greater Servant o |       |       |       |       |     2 |     4 |     2 ||     8
       Major Destruction |       |       |       |       |       |     3 |       ||     3
Evoke: Wand              |       |       |       |       |       |     3 |       ||     3
  Use: Scroll            |       |     1 |    14 |     9 |     7 |    17 |     3 ||    51
       Potion            |       |       |       |     7 |     2 |    17 |     3 ||    29
 Stab: Petrified         |       |       |       |       |    14 |       |       ||    14
       Distracted        |       |       |       |       |     1 |       |     3 ||     4
       Sleeping          |       |       |       |       |       |     9 |       ||     9
       Invisible         |       |       |       |       |       |     6 |       ||     6
       Held in net/web   |       |       |       |       |       |     1 |       ||     1
       Confused          |       |       |       |       |       |       |     1 ||     1
  Eat: Chunk             |     1 |     9 |    10 |    24 |    29 |    23 |    13 ||   109
       Ration            |       |       |     1 |     1 |     5 |     5 |     1 ||    13
Armor: Scale mail        |    78 |    94 |       |       |       |       |       ||   172
       Chain mail        |       |    64 |       |       |       |       |       ||    64
       Plate armour      |       |    21 |   348 |   684 |  1298 |  2012 |   762 ||  5125
Dodge: Dodged            |    52 |    83 |    79 |   192 |   460 |   759 |   267 ||  1892
Block: Kite shield       |   103 |   159 |   311 |  1071 |  2563 |  3236 |  1456 ||  8899
